[Event "Titled Tuesday Blitz May 10 Late 2022"]
[White "Pap, Gyula"]
[Black "Martinez Reyes, Pedro Ramon"]
[WhiteFideId "725323"]
[BlackFideId "3901807"]
[WhiteElo "2553"]
[BlackElo "2410"]
[Result "1-0"]
[Round "05"]
[TimeControl "180+1"]
[Date "2022.05.10"]
[WhiteClock "0:02:04"]
[BlackClock "0:00:50"]

1. e4 c5 2. Nc3 Nc6 3. Bb5 g6 4. f4 Bg7 5. Nf3 Nd4 6. Bd3 d6 7. O-O Bg4 8. Be2 Nxe2+ 9. Qxe2 Nf6 10. h3 Bxf3 11. Rxf3 O-O 12. d3 Nd7 13. Bd2 Qb6 14. Rb1 c4+ 15. Kh1 cxd3 16. cxd3 Qa6 17. a3 Rac8 18. Nd5 Rfe8 19. Bc3 Bxc3 20. Nxc3 Nc5 21. Rbf1 Ne6 22. Qf2 Nc5 23. d4 Na4 24. f5 Nxc3 25. bxc3 Rf8 26. fxg6 hxg6 27. h4 f6 28. Rg3 Kf7 29. h5 Rh8 30. Rh3 Rxh5 31. Rxh5 gxh5 32. Qf5 Rg8 33. Rf3 Rg5 34. Qxg5 1-0


[Site "https://www.chess.com"]

[Event "Titled Tuesday Blitz May 10 Late 2022"]
[White "Papasimakopoulos, Alexandros"]
[Black "Krstulovic, Alex"]
[WhiteFideId "4244125"]
[BlackFideId "760056"]
[WhiteElo "2340"]
[BlackElo "2193"]
[Result "1-0"]
[Round "05"]
[TimeControl "180+1"]
[Date "2022.05.11"]
[WhiteClock "0:02:12"]
[BlackClock "0:00:10"]

1. d4 Nf6 2. c4 e6 3. Nc3 Bb4 4. Qc2 O-O 5. a3 Bxc3+ 6. Qxc3 d5 7. Bg5 dxc4 8. Qxc4 b6 9. Nf3 Ba6 10. Qa4 Qd7 11. Qc2 c5 12. Bxf6 gxf6 13. Qe4 Nc6 14. dxc5 bxc5 15. e3 Bxf1 16. Kxf1 Rab8 17. Qc2 Rfd8 18. Ke2 Na5 19. Rhd1 Qb5+ 20. Ke1 Rxd1+ 21. Rxd1 Qxb2 22. Qxc5 Qb6 23. Qe7 e5 24. Nd2 Rd8 25. g4 Rd6 26. g5 fxg5 27. Qxg5+ Rg6 28. Qxe5 Qa6 29. Nf1 Nc6 30. Qe8+ Kg7 31. Qe4 Rg1 32. Qd3 Qa5+ 33. Ke2 Qxa3 34. Qxa3 1-0


[Site "https://www.chess.com"]

[Event "Titled Tuesday Blitz May 10 Late 2022"]
[White "Paravyan, David"]
[Black "Khripachenko, Alexander"]
[WhiteFideId "4194985"]
[BlackFideId "54184975"]
[WhiteElo "2569"]
[BlackElo "2138"]
[Result "1-0"]
[Round "05"]
[TimeControl "180+1"]
[Date "2022.05.10"]
[WhiteClock "0:00:06"]
[BlackClock "0:00:05"]

1. e4 c6 2. d4 d5 3. e5 Bf5 4. Nf3 e6 5. Be2 Nd7 6. O-O a6 7. Nbd2 h6 8. Nb3 c5 9. dxc5 Bxc5 10. Nxc5 Nxc5 11. Be3 Rc8 12. c4 Ne7 13. Rc1 Nd7 14. Qb3 Rb8 15. Ba7 Ra8 16. Qxb7 O-O 17. Bd4 Rb8 18. Qxa6 Ra8 19. Qd6 Rxa2 20. Ra1 Rxa1 21. Rxa1 dxc4 22. Bxc4 Ng6 23. Bb5 Nb8 24. Qxd8 Rxd8 25. Bc3 Be4 26. Nd2 Bd5 27. g3 Nc6 28. f4 Nge7 29. Kf2 g5 30. Nf1 Rb8 31. Bd3 gxf4 32. gxf4 Ng6 33. Bxg6 fxg6 34. Ne3 Be4 35. Rd1 Ne7 36. Ng4 Nd5 37. Nxh6+ Kg7 38. Ng4 Rf8 39. Nf6 Bf5 40. Nxd5 exd5 41. Rxd5 Kf7 42. Rd6 Ra8 43. Rf6+ Ke7 44. Bb4+ Kd7 45. Rd6+ Kc7 46. Rd4 Ra1 47. Kg2 Rc1 48. Bc3 Ra1 49. Rd2 Rb1 50. Kg3 Rg1+ 51. Rg2 Rb1 52. Kh4 Rd1 53. Kg5 Kd7 54. h4 Rh1 55. Rd2+ Ke7 56. Bb4+ Kf7 57. Bc5 Rh3 58. Rd6 Rg3+ 59. Kh6 Rh3 60. Rf6+ Ke8 61. e6 Rxh4+ 62. Kg7 Bxe6 63. Rxe6+ Kd7 64. Rf6 Rh2 65. Bd4 Rd2 66. Bc3 1-0


[Site "https://www.chess.com"]

[Event "Titled Tuesday Blitz May 10 Late 2022"]
[White "Peralta, Eduardo"]
[Black "Leitao, Rafael"]
[WhiteFideId "3700062"]
[BlackFideId "2101246"]
[WhiteElo "2125"]
[BlackElo "2609"]
[Result "1-0"]
[Round "05"]
[TimeControl "180+1"]
[Date "2022.05.11"]
[WhiteClock "0:00:07"]
[BlackClock "0:00:24"]

1. Nf3 Nf6 2. g3 d5 3. Bg2 e6 4. O-O Be7 5. d4 O-O 6. c4 dxc4 7. Qc2 a6 8. a4 Bd7 9. Bg5 Bc6 10. Rd1 a5 11. Qxc4 Na6 12. Nc3 Nb4 13. Rac1 h6 14. Bxf6 Bxf6 15. e3 Ra6 16. Ne5 Bxg2 17. Kxg2 Bxe5 18. dxe5 Qe7 19. Rd4 Nc6 20. Re4 Rd8 21. Nb5 Rd5 22. Qc3 Ra8 23. Nd4 Nxd4 24. Rxd4 c6 25. Rcd1 Ra6 26. e4 Rxd4 27. Qxd4 Qb4 28. Qxb4 axb4 29. b3 Ra5 30. Rd8+ Kh7 31. Rd7 b5 32. axb5 Rxb5 33. Rxf7 Rxe5 34. Kf3 Rc5 35. Kf4 Rc3 36. Ke5 Rxb3 37. Kxe6 Rc3 38. Rb7 c5 39. f4 b3 40. f5 Kg8 41. Rb8+ Kh7 42. e5 c4 43. Kf7 Rf3 44. f6 gxf6 45. e6 c3 46. e7 Re3 47. Rxb3 1-0


[Site "https://www.chess.com"]

[Event "Titled Tuesday Blitz May 10 Late 2022"]
[White "Petre, Nad-Titus"]
[Black "Rosenberg, Evan S"]
[WhiteFideId "1204165"]
[BlackFideId "2019299"]
[WhiteElo "2354"]
[BlackElo "2367"]
[Result "0-1"]
[Round "05"]
[TimeControl "180+1"]
[Date "2022.05.11"]
[WhiteClock "0:01:30"]
[BlackClock "0:02:21"]

1. e4 e5 2. Nf3 Nc6 3. Bc4 Bc5 4. c3 Nf6 5. d3 d5 6. exd5 Nxd5 7. Qb3 Na5 8. Qb5+ c6 9. Qxc5 Nxc4 10. dxc4 e4 11. cxd5 exf3 12. Qe3+ Kd7 13. dxc6+ Kc7 14. Qxf3 Re8+ 15. Be3 bxc6 16. O-O Ba6 17. Rd1 Qh4 18. Qf4+ Qxf4 19. Bxf4+ Kb6 20. Na3 Re2 21. Rd2 Rae8 22. Rb1 Re1+ 23. Rxe1 Rxe1# 0-1


[Site "https://www.chess.com"]

[Event "Titled Tuesday Blitz May 10 Late 2022"]
[White "Petrovic, Aleksa"]
[Black "Tanenbaum, Zachary"]
[WhiteFideId "967629"]
[BlackFideId "2060850"]
[WhiteElo "2144"]
[BlackElo "2168"]
[Result "0-1"]
[Round "05"]
[TimeControl "180+1"]
[Date "2022.05.11"]
[WhiteClock "0:00:01"]
[BlackClock "0:00:03"]

1. d4 d5 2. c4 Bf5 3. cxd5 Bxb1 4. Qa4+ c6 5. dxc6 Nxc6 6. Rxb1 e5 7. Bd2 exd4 8. Nf3 Bc5 9. g3 Ne7 10. b4 Bb6 11. Bg2 O-O 12. O-O Nd5 13. b5 Nce7 14. Nxd4 a6 15. Nb3 axb5 16. Qxb5 Rxa2 17. Rfd1 Qc7 18. Rbc1 Qd6 19. Bf4 Qe6 20. Nd4 Bxd4 21. Rxd4 Nxf4 22. Rxf4 Qxe2 23. Qxe2 Rxe2 24. Bxb7 Ng6 25. Rd4 Re7 26. Bf3 h6 27. h4 Ne5 28. Bd5 Rfe8 29. Kg2 Nd7 30. Bb3 Nf6 31. Rc6 h5 32. Rb6 Kh7 33. Rb5 g6 34. Rg5 Kg7 35. Rc5 Ng4 36. Rb5 Re2 37. Rf4 R8e7 38. Rb6 Rb2 39. Rb5 Ne3+ 40. Kf3 Nd1 41. Bc4 Rxf2# 0-1


[Site "https://www.chess.com"]

[Event "Titled Tuesday Blitz May 10 Late 2022"]
[White "Petrovskyi, Vadym"]
[Black "Mortazavi, Ali"]
[WhiteFideId "14165210"]
[BlackFideId "401323"]
[WhiteElo "2400"]
[BlackElo "2339"]
[Result "1-0"]
[Round "05"]
[TimeControl "180+1"]
[Date "2022.05.10"]
[WhiteClock "0:00:26"]
[BlackClock "0:00:04"]

1. e4 c6 2. d4 d5 3. Nc3 dxe4 4. Nxe4 Nf6 5. Nxf6+ exf6 6. c3 Bd6 7. Bd3 O-O 8. Ne2 Re8 9. Qc2 h5 10. Be3 Nd7 11. Ng3 Nf8 12. Nxh5 Ne6 13. O-O Qa5 14. Ng3 Bd7 15. Nf5 Bf8 16. b4 Qc7 17. Qd2 a5 18. a3 b5 19. Ng3 Bd6 20. f4 axb4 21. cxb4 Qd8 22. Ne4 Bf8 23. Nc5 Nc7 24. f5 Nd5 25. Bf4 Bc8 26. Bc2 Nb6 27. Bb3 Bxf5 28. Bc7 Qxc7 29. Rxf5 Rad8 30. Raf1 Nc4 31. Bxc4 bxc4 32. Qc3 Qd6 33. R5f4 Qd5 34. Nb7 Re2 35. Qh3 g5 36. Nxd8 gxf4 37. Qg4+ Bg7 38. Qxe2 Qxd4+ 39. Qf2 Qxd8 40. Qxf4 c3 41. Qg4 Qd2 42. Rd1 Qe3+ 43. Kf1 f5 44. Rd8+ Kh7 45. Qh5+ Bh6 46. Qxf7+ Bg7 47. Qh5+ Qh6 48. Qxf5+ Qg6 49. Qxg6+ Kxg6 50. Ke1 Bh6 51. Rd6+ Kh5 52. Rxc6 Bd2+ 53. Ke2 Kg4 54. Kd3 Be1 55. Rxc3 1-0


[Site "https://www.chess.com"]

[Event "Titled Tuesday Blitz May 10 Late 2022"]
[White "Piliczewski, Bogusz"]
[Black "Pesotskiy, Mikhail"]
[WhiteFideId "1104144"]
[BlackFideId "34164453"]
[WhiteElo "1896"]
[BlackElo "2010"]
[Result "0-1"]
[Round "05"]
[TimeControl "180+1"]
[Date "2022.05.11"]
[WhiteClock "0:00:03"]
[BlackClock "0:02:30"]

1. d4 Nf6 2. Nf3 c5 3. c3 b6 4. Bf4 Bb7 5. e3 d6 6. h3 g6 7. Be2 Bg7 8. O-O O-O 9. Nbd2 Nbd7 10. Bh2 Re8 11. Rc1 Qc7 12. a3 Rac8 13. b4 Qb8 14. Qb3 Qa8 15. Rfd1 Rc7 16. bxc5 bxc5 17. Ng5 Bd5 18. c4 Bxg2 19. f3 h6 20. Nxf7 Bxh3 21. Nxd6 exd6 22. Bxd6 Rc6 0-1


[Site "https://www.chess.com"]

[Event "Titled Tuesday Blitz May 10 Late 2022"]
[White "Plotnikov, Pavel"]
[Black "Kanyamarala, Trisha"]
[WhiteFideId "4170342"]
[BlackFideId "45004722"]
[WhiteElo "2298"]
[BlackElo "2134"]
[Result "1-0"]
[Round "05"]
[TimeControl "180+1"]
[Date "2022.05.11"]
[WhiteClock "0:00:31"]
[BlackClock "0:00:10"]

1. e4 c5 2. Nf3 Nc6 3. Bb5 g6 4. O-O Bg7 5. Re1 e6 6. e5 Nge7 7. d3 d6 8. Bf4 Nd5 9. Bg3 dxe5 10. Nxe5 Bd7 11. Bxc6 bxc6 12. Nd2 O-O 13. Ne4 Qe7 14. Nxd7 Qxd7 15. Nxc5 Qd8 16. d4 Re8 17. c3 Nb6 18. Qf3 Qd5 19. Ne4 f5 20. Nd2 Rad8 21. Be5 Bh6 22. Qxd5 Rxd5 23. Nb3 Nc4 24. Re2 Red8 25. Rae1 Kf7 26. Nc5 Re8 27. g3 Bd2 28. Rd1 Bh6 29. f4 Red8 30. Rde1 Bf8 31. b4 a5 32. a4 axb4 33. cxb4 Ra8 34. Ra2 Bxc5 35. bxc5 Rd7 36. Rb1 Rda7 37. Rb4 Ne3 38. h3 Nd5 39. Rb8 Rxa4 40. Rxa8 Rc4 41. R2a7+ Ne7 42. Bd6 1-0


[Site "https://www.chess.com"]

[Event "Titled Tuesday Blitz May 10 Late 2022"]
[White "Prohorov, Olexandr"]
[Black "Gomez Ledo, Roberto Carlos"]
[WhiteFideId "14105578"]
[BlackFideId "3507076"]
[WhiteElo "1993"]
[BlackElo "2379"]
[Result "1-0"]
[Round "05"]
[TimeControl "180+1"]
[Date "2022.05.11"]
[WhiteClock "0:00:09"]
[BlackClock "0:00:04"]

1. e4 e5 2. Nf3 Nc6 3. Bc4 Bc5 4. b4 Bxb4 5. c3 Be7 6. d4 Na5 7. Nxe5 Nxc4 8. Nxc4 d5 9. exd5 Qxd5 10. Ne3 Qd8 11. O-O Nf6 12. c4 O-O 13. Bb2 c6 14. Nc3 Re8 15. h3 Bf8 16. Re1 b6 17. Qf3 Qd7 18. Rad1 h6 19. d5 c5 20. Rd2 a6 21. Rde2 Nh7 22. Ng4 Rxe2 23. Rxe2 Qf5 24. Qg3 Qg6 25. Ne5 Qxg3 26. fxg3 Nf6 27. Nc6 Bd7 28. Ne5 Be8 29. Kf2 b5 30. Nc6 bxc4 31. Na5 Rd8 32. Rd2 Bb5 33. a4 Bxa4 34. Nxa4 Ne4+ 35. Ke2 Nxd2 36. Kxd2 Rxd5+ 37. Ke2 Rd3 38. g4 Rg3 39. Kf2 Rb3 40. Nxb3 cxb3 41. Ke3 g6 42. Kd3 f5 43. Kc4 fxg4 44. hxg4 h5 45. g5 Kf7 46. Kxb3 Ke6 47. Kc4 Kf5 48. Bf6 Kg4 49. Nc3 Kg3 50. Nd5 Kxg2 51. Nf4+ Kg3 52. Nxg6 Bd6 53. Be5+ Bxe5 54. Nxe5 Kf4 55. g6 h4 56. g7 h3 57. g8=Q h2 58. Qh7 Kg3 59. Nf3 Kxf3 60. Qxh2 1-0


[Site "https://www.chess.com"]

[Event "Titled Tuesday Blitz May 10 Late 2022"]
[White "Przybylski, Wojciech"]
[Black "Prieto Aranguren, Alain"]
[WhiteFideId "1117599"]
[BlackFideId "2268906"]
[WhiteElo "2133"]
[BlackElo "2235"]
[Result "1-0"]
[Round "05"]
[TimeControl "180+1"]
[Date "2022.05.11"]
[WhiteClock "0:00:15"]
[BlackClock "0:00:01"]

1. d4 d5 2. Nf3 c6 3. c4 Nf6 4. Bf4 e6 5. e3 Be7 6. Nc3 O-O 7. Rc1 Nbd7 8. Be2 b6 9. cxd5 cxd5 10. O-O Bb7 11. Nb5 Nh5 12. Bc7 Qe8 13. Nd6 Bxd6 14. Bxd6 Nhf6 15. Rc7 Bc8 16. Bb5 a6 17. Bc6 Rb8 18. Ne5 Qd8 19. Qc2 Ne4 20. Bxf8 Qxc7 21. Bb4 Nxe5 22. dxe5 Bb7 23. Ba4 Qxe5 24. Qe2 Rc8 25. f3 Nc5 26. Bc3 Qg5 27. Bc2 a5 28. Qf2 Ba6 29. Rd1 Nd7 30. h4 Qe7 31. h5 h6 32. Qg3 f5 33. Qf4 b5 34. Bb1 b4 35. Be1 Rc4 36. Qg3 Qc5 37. Bd2 f4 38. Qf2 Nf6 39. b3 Rc3 40. exf4 Qxf2+ 41. Kxf2 Rc6 42. g4 Kf7 43. Be3 Nd7 44. Bd4 Nc5 45. Bg6+ Ke7 46. Ke3 Kd6 47. Bxg7 Nd7 48. Bd4 Rc2 49. Bxc2 1-0


[Site "https://www.chess.com"]

[Event "Titled Tuesday Blitz May 10 Late 2022"]
[White "Remolar Gallen, Jose"]
[Black "Papp, Levente"]
[WhiteFideId "2215187"]
[BlackFideId "751243"]
[WhiteElo "2205"]
[BlackElo "2308"]
[Result "0-1"]
[Round "05"]
[TimeControl "180+1"]
[Date "2022.05.11"]
[WhiteClock "0:00:01"]
[BlackClock "0:00:49"]

1. d4 e6 2. Nf3 d5 3. e3 Nf6 4. Bd3 c6 5. O-O Be7 6. Nbd2 O-O 7. b3 Nbd7 8. Bb2 a5 9. a3 a4 10. b4 b5 11. Qe2 Nb6 12. e4 Nc4 13. Bc3 dxe4 14. Nxe4 Nd5 15. Be1 Nf4 16. Qd1 Nxd3 17. cxd3 Nd6 18. Nc5 Nf5 19. Bc3 Bf6 20. Ne5 Nxd4 21. Re1 Qd5 22. f4 Be7 23. Ne4 Nb3 24. Ra2 c5 25. Ng4 f5 26. Ne3 Qc6 27. Nxc5 Nxc5 28. bxc5 Bxc5 29. Rc2 Qd7 30. d4 Bxa3 31. d5 Bb7 32. Qd4 exd5 33. g4 Rac8 34. gxf5 Bc5 35. Qe5 d4 36. Ba1 Rfe8 37. Rxc5 Rxe5 38. Rxe5 dxe3 39. R5xe3 Qd5 40. Rg3 Qh1+ 41. Kf2 Rc2+ 42. Ke3 Qxe1+ 0-1


[Site "https://www.chess.com"]

[Event "Titled Tuesday Blitz May 10 Late 2022"]
[White "RestartingChess"]
[Black "Janaszak, Dawid"]
[BlackFideId "1119206"]
[WhiteElo "2476"]
[BlackElo "2199"]
[Result "1-0"]
[Round "05"]
[TimeControl "180+1"]
[Date "2022.05.11"]
[WhiteClock "0:00:13"]
[BlackClock "0:00:03"]

1. e4 c5 2. Nf3 Nc6 3. b4 cxb4 4. d4 e6 5. d5 exd5 6. exd5 Qf6 7. c3 bxc3 8. dxc6 Bb4 9. Qc2 Ne7 10. cxd7+ Bxd7 11. Bd3 Bc6 12. O-O Bxf3 13. gxf3 Qxf3 14. Be4 Qg4+ 15. Kh1 O-O 16. Rg1 Qh4 17. Be3 Ng6 18. Bxb7 Rab8 19. Bf3 Ne5 20. Qe4 Qf6 21. Bd1 Rfe8 22. Bc2 Ng6 23. Qg2 Nh4 24. Qh3 Qc6+ 25. Rg2 Qxg2+ 26. Qxg2 Nxg2 27. Kxg2 Re6 28. Bxa7 Rb5 29. Be3 Ra5 30. a4 g6 31. Na3 Kg7 32. Nb5 Rea6 33. Bd4+ f6 34. Bxc3 Rxb5 35. axb5 Rxa1 36. Bxa1 Bc5 37. Bc3 Kf7 38. Bb3+ Ke7 39. Bg8 h5 40. Bh7 g5 41. Bf5 h4 42. f4 gxf4 43. Kf3 h3 44. Bxh3 Bg1 45. Kg2 Be3 46. Bf5 Kd6 47. Bxf6 Kc5 48. Bd7 Bd2 49. Bc6 Be1 50. h4 Bd2 51. Kf3 Be1 52. h5 Bc3 53. Bxc3 1-0


[Site "https://www.chess.com"]

[Event "Titled Tuesday Blitz May 10 Late 2022"]
[White "Ricaurte Lopez, Juan Carlos"]
[Black "Le Goff, Ronan"]
[WhiteFideId "3600327"]
[BlackFideId "612073"]
[WhiteElo "2209"]
[BlackElo "2276"]
[Result "0-1"]
[Round "05"]
[TimeControl "180+1"]
[Date "2022.05.11"]
[WhiteClock "0:00:06"]
[BlackClock "0:01:15"]

1. e4 e5 2. d4 exd4 3. c3 dxc3 4. Nxc3 Nf6 5. Bc4 d5 6. exd5 Bc5 7. Nf3 Qe7+ 8. Be2 O-O 9. O-O Bf5 10. Bg5 Nbd7 11. h3 Rfe8 12. Bd3 Bg6 13. Qc2 a6 14. Bf4 Rac8 15. Rfe1 Qf8 16. Nh4 Bxd3 17. Qxd3 Nb6 18. Nf5 Red8 19. Bg5 Nbxd5 20. Rad1 Nxc3 21. Qxc3 Bb4 22. Nh6+ Kh8 23. Qxf6 Bxe1 24. Nxf7+ Kg8 25. Rxd8 gxf6 26. Nh6+ Kg7 27. Rxf8 Rxf8 28. Bf4 Rd8 29. Nf5+ Kg6 30. g4 Rd1 31. Kg2 Ba5 32. a3 Bb6 33. Bg3 Rb1 34. b4 Rb3 35. Ne7+ Kf7 36. Nd5 Rxa3 37. Nxc7 Bxc7 38. Bxc7 Rb3 39. Bd6 Ke6 40. Bc5 b6 41. Bxb6 Rxb4 42. Ba5 Rb5 43. Bc7 a5 44. f4 a4 0-1


[Site "https://www.chess.com"]

[Event "Titled Tuesday Blitz May 10 Late 2022"]
[White "Roberson, Peter T"]
[Black "Suleymanli, Aydin"]
[WhiteFideId "412384"]
[BlackFideId "13413937"]
[WhiteElo "2346"]
[BlackElo "2481"]
[Result "0-1"]
[Round "05"]
[TimeControl "180+1"]
[Date "2022.05.10"]
[WhiteClock "0:00:01"]
[BlackClock "0:00:04"]

1. e4 c5 2. Be2 Nc6 3. f4 d5 4. d3 g6 5. Nf3 Bg7 6. O-O e6 7. Qe1 Nge7 8. a4 O-O 9. Nc3 f5 10. e5 d4 11. Nb5 Nb4 12. Bd1 Ned5 13. Nd6 b6 14. Bd2 Nc6 15. c4 Ndb4 16. Qe2 Bd7 17. Bxb4 Nxb4 18. a5 Bc6 19. Ba4 bxa5 20. Bxc6 Nxc6 21. Ra3 Rb8 22. h4 h5 23. Rfa1 Bh6 24. g3 Qc7 25. Qc2 Rb4 26. Nd2 Rfb8 27. R1a2 Bf8 28. Nb5 Qd7 29. Nb3 R4xb5 30. cxb5 Nb4 31. Qc4 Nxa2 32. Rxa2 Rxb5 33. Rxa5 Rxa5 34. Nxa5 Kf7 35. Qa6 Qd5 36. Qxa7+ Kg8 37. Qa6 Qa2 38. Kh2 Qxb2+ 39. Kh3 Qa2 40. Qb6 Qd5 41. Kh2 Qa2+ 42. Kh3 Kh7 43. Nc4 Qa1 44. Kh2 Qd1 45. Qxe6 Qe2+ 46. Kh3 Qxd3 47. Qf7+ Bg7 48. Nd6 Qf1+ 49. Kh2 Qf2+ 50. Kh3 Qg1 51. Nxf5 Qh1# 0-1


[Site "https://www.chess.com"]

[Event "Titled Tuesday Blitz May 10 Late 2022"]
[White "Romero Ruscalleda, Josep"]
[Black "Vega Gutierrez, Sabrina"]
[WhiteFideId "2231859"]
[BlackFideId "2219026"]
[WhiteElo "2298"]
[BlackElo "2286"]
[Result "0-1"]
[Round "05"]
[TimeControl "180+1"]
[Date "2022.05.11"]
[WhiteClock "0:00:21"]
[BlackClock "0:00:36"]

1. e4 c5 2. c3 d5 3. exd5 Qxd5 4. d4 Nf6 5. Be3 cxd4 6. cxd4 e6 7. Nc3 Bb4 8. Nf3 O-O 9. Bd3 b6 10. O-O Bxc3 11. bxc3 Ba6 12. Bxa6 Nxa6 13. Ne5 Rfd8 14. Bg5 Rac8 15. Re1 Rxc3 16. Bxf6 gxf6 17. Qg4+ Kf8 18. Nf3 Nb4 19. Rad1 h5 20. Qh4 Qf5 21. Re5 Qc2 22. Rde1 Nd5 23. Rxh5 Ke7 24. Rh7 Rxf3 25. gxf3 Rg8+ 26. Kh1 Qg6 27. Qh3 Nf4 28. Qf1 Qxh7 29. Qb5 Rg2 30. Qb4+ Ke8 31. Qa4+ Kf8 0-1


[Site "https://www.chess.com"]

[Event "Titled Tuesday Blitz May 10 Late 2022"]
[White "Rosen, Eric"]
[Black "Dubov, Daniil"]
[WhiteFideId "2032562"]
[BlackFideId "24126055"]
[WhiteElo "2362"]
[BlackElo "2791"]
[Result "1-0"]
[Round "05"]
[TimeControl "180+1"]
[Date "2022.05.10"]
[WhiteClock "0:00:06"]
[BlackClock "0:00:02"]

1. d4 d5 2. Bf4 Nf6 3. e3 g6 4. Nc3 Bg7 5. h4 h5 6. Nf3 O-O 7. Ne5 c5 8. dxc5 Nc6 9. Bb5 Bg4 10. f3 Bd7 11. Nxd7 Nxd7 12. Qxd5 Qa5 13. Bxc6 Bxc3+ 14. bxc3 Qxc3+ 15. Kf2 Qxc2+ 16. Kg3 Nf6 17. Qe5 bxc6 18. Qxe7 Nd5 19. Qg5 f6 20. Qh6 Rf7 21. Rac1 Qxa2 22. Kh2 Ne7 23. Bd6 Nf5 24. Qf4 Re8 25. e4 Nd4 26. Qg3 Kh7 27. Ra1 Qe6 28. Rhe1 Nb5 29. Ra6 Rc8 30. Rea1 Rd7 31. Qf4 Rb7 32. Rd1 Rd7 33. Raa1 Ra8 34. Ra6 Rc8 35. Qe3 Qc4 36. Raa1 Qf7 37. Qf4 Rcd8 38. Ra6 Rc8 39. e5 f5 40. Re1 Qe6 41. Qg5 Rf7 42. Qf4 Nc3 43. Rea1 Nd5 44. Qd4 f4 45. Rxa7 Rxa7 46. Rxa7+ Kh6 47. Qe4 Rg8 48. Qb1 Rg7 49. Qb8 Rxa7 50. Qxa7 Ne3 51. Bf8# 1-0


[Site "https://www.chess.com"]

[Event "Titled Tuesday Blitz May 10 Late 2022"]
[White "Sabar, Ethmane Daouda"]
[Black "Purtseladze, Maka"]
[WhiteFideId "19600097"]
[BlackFideId "13602659"]
[WhiteElo "1950"]
[BlackElo "2224"]
[Result "1-0"]
[Round "05"]
[TimeControl "180+1"]
[Date "2022.05.11"]
[WhiteClock "0:00:13"]
[BlackClock "0:00:08"]

1. d4 Nf6 2. Nf3 c5 3. dxc5 Qa5+ 4. Nc3 e6 5. a3 Qxc5 6. e3 Be7 7. Be2 O-O 8. O-O b6 9. Qd2 Bb7 10. b4 Qc6 11. Bb2 d6 12. Rfd1 Nbd7 13. Nb5 Ne4 14. Qd3 Ndf6 15. Nfd4 Qd7 16. f3 a6 17. Nc3 Nxc3 18. Bxc3 Rfc8 19. Bb2 b5 20. e4 Rc7 21. Rac1 Rac8 22. Qb3 d5 23. e5 Ne8 24. f4 g6 25. Bf3 Ng7 26. Qe3 Nf5 27. Nxf5 gxf5 28. Bd4 Rxc2 29. Rxc2 Rxc2 30. Qd3 Qc8 31. Bc5 Bxc5+ 32. bxc5 Qxc5+ 33. Kh1 Rc1 34. h3 a5 35. Rxc1 Qxc1+ 36. Kh2 Qxf4+ 37. g3 Qxe5 38. Qxb5 Qc7 39. Be2 Bc6 40. Qc5 Qe5 41. Ba6 Qb2+ 42. Kg1 Ba4 43. Qc8+ Kg7 44. Qc5 Qa1+ 45. Kf2 Qb2+ 46. Ke3 Bc2 47. g4 Qe5+ 48. Kd2 Be4 49. g5 Qf4+ 50. Kc3 Qxg5 51. Qxa5 Qe3+ 52. Kb2 Qxh3 53. Qc3+ Kg6 54. Qxh3 f4 55. Qg4+ 1-0


[Site "https://www.chess.com"]

[Event "Titled Tuesday Blitz May 10 Late 2022"]
[White "Sailer, Mike"]
[Black "Sarkar, Justin"]
[WhiteFideId "2012901"]
[BlackFideId "2010011"]
[WhiteElo "2109"]
[BlackElo "2020"]
[Result "0-1"]
[Round "05"]
[TimeControl "180+1"]
[Date "2022.05.11"]
[WhiteClock "0:00:01"]
[BlackClock "0:00:06"]

1. Nf3 g6 2. d4 d6 3. Bf4 Bg7 4. e3 f5 5. Be2 Nf6 6. h3 O-O 7. c4 e6 8. Nc3 Qe7 9. O-O Nbd7 10. b4 e5 11. dxe5 dxe5 12. Bg5 c6 13. c5 h6 14. Bc4+ Kh7 15. Bxf6 Bxf6 16. Qc2 e4 17. Nd4 Ne5 18. Be2 h5 19. Rad1 Bd7 20. Nb3 Rad8 21. Na5 Bc8 22. Nc4 Nxc4 23. Bxc4 Qe5 24. Ne2 h4 25. Rxd8 Bxd8 26. Qc3 Qxc3 27. Nxc3 Bf6 28. Ne2 Rd8 29. Rb1 a6 30. Nf4 Rd2 31. a4 g5 32. Be6 Bxe6 33. Nxe6 Kg6 34. b5 axb5 35. axb5 Kf7 36. Nc7 Rc2 37. bxc6 bxc6 38. Na6 Be7 39. Nb8 Rxc5 40. Nd7 Rd5 41. Nb6 Rb5 42. Rxb5 cxb5 43. Kf1 Bc5 44. Nd5 b4 45. Ke2 Ke6 46. Nc7+ Ke5 47. Na6 Bd6 48. Kd2 Kd5 49. Kc2 Kc4 50. f3 Kb5 51. Nxb4 Kxb4 52. Kd2 Kc4 53. Ke2 Kc3 54. fxe4 fxe4 0-1


[Site "https://www.chess.com"]

[Event "Titled Tuesday Blitz May 10 Late 2022"]
[White "Sanchez Alvares, Kelvin Antonio"]
[Black "Gomez Dieguez, David"]
[WhiteFideId "3906680"]
[BlackFideId "22223630"]
[WhiteElo "2193"]
[BlackElo "2115"]
[Result "1-0"]
[Round "05"]
[TimeControl "180+1"]
[Date "2022.05.11"]
[WhiteClock "0:02:33"]
[BlackClock "0:02:34"]

1. d4 Nf6 2. c4 e6 3. Nf3 d5 4. Nc3 c5 5. cxd5 Nxd5 6. e4 Nxc3 7. bxc3 cxd4 8. cxd4 Bb4+ 9. Bd2 Bxd2+ 10. Qxd2 O-O 11. Bd3 Nc6 12. Bb5 Bd7 13. O-O a6 14. Bd3 Qa5 15. Qe3 Qa3 16. e5 Nb4 17. Bxh7+ Kxh7 18. Qxa3 1-0


[Site "https://www.chess.com"]

[Event "Titled Tuesday Blitz May 10 Late 2022"]
[White "Sarana, Alexey"]
[Black "Holt, Conrad"]
[WhiteFideId "24133795"]
[BlackFideId "2034387"]
[WhiteElo "2666"]
[BlackElo "2586"]
[Result "1-0"]
[Round "05"]
[TimeControl "180+1"]
[Date "2022.05.10"]
[WhiteClock "0:00:20"]
[BlackClock "0:00:09"]

1. d4 d5 2. c4 c6 3. Nc3 dxc4 4. Nf3 Nf6 5. a4 Bf5 6. Ne5 Nbd7 7. Nxc4 Nb6 8. Ne3 e6 9. g3 Bb4 10. Nxf5 exf5 11. Bh3 Ne4 12. Qd3 Qd5 13. O-O Bxc3 14. bxc3 O-O 15. Ba3 Rfe8 16. f3 Nd6 17. Bxd6 Qxd6 18. Bxf5 Qh6 19. e4 g6 20. Bg4 f5 21. exf5 Re3 22. Qc2 Rae8 23. f4 Nd5 24. fxg6 Nxc3 25. gxh7+ Kh8 26. Rf2 Qg7 27. Bh5 Qxd4 28. Raf1 R8e4 29. Bg6 Re7 30. Qf5 Ne2+ 31. Kg2 Qg7 32. Rd1 1-0


[Site "https://www.chess.com"]

[Event "Titled Tuesday Blitz May 10 Late 2022"]
[White "Sharbaf, Mohsen"]
[Black "Kate1606"]
[WhiteFideId "12501808"]
[WhiteElo "2187"]
[BlackElo "2072"]
[Result "1-0"]
[Round "05"]
[TimeControl "180+1"]
[Date "2022.05.11"]
[WhiteClock "0:02:20"]
[BlackClock "0:00:47"]

1. c4 e5 2. g3 Nc6 3. Bg2 Bc5 4. e3 Nf6 5. Ne2 O-O 6. Nbc3 d6 7. O-O Be6 8. d4 exd4 9. exd4 Nxd4 10. Nxd4 Bxc4 11. Re1 c6 12. Nf5 d5 13. Be3 Bb4 14. a3 Ba5 15. Bg5 h6 16. Ne7+ Kh8 17. Bxf6 gxf6 18. Qh5 Kh7 19. Nf5 1-0


[Site "https://www.chess.com"]

[Event "Titled Tuesday Blitz May 10 Late 2022"]
[White "Skliarov, Viktor"]
[Black "Zhigalko, Sergei"]
[WhiteFideId "14106736"]
[BlackFideId "13502956"]
[WhiteElo "2229"]
[BlackElo "2662"]
[Result "1/2-1/2"]
[Round "05"]
[TimeControl "180+1"]
[Date "2022.05.10"]
[WhiteClock "0:00:09"]
[BlackClock "0:00:04"]

1. e4 c5 2. Nf3 Nc6 3. Bb5 Nf6 4. Bxc6 dxc6 5. d3 Bg4 6. h3 Bh5 7. g4 Bg6 8. Ne5 Nd7 9. Nxg6 hxg6 10. Nd2 e6 11. Nf3 Qb6 12. b3 O-O-O 13. Qe2 Be7 14. Bb2 Bf6 15. e5 Be7 16. O-O-O Rh7 17. Qe3 Rdh8 18. Qf4 f5 19. exf6 gxf6 20. Qe4 e5 21. h4 Rg7 22. h5 gxh5 23. gxh5 Qd8 24. Rh3 Qf8 25. Qf5 Qg8 26. Rdh1 Rg4 27. Rh4 Rg2 28. Nd2 Rg5 29. Qf3 f5 30. Nc4 Rg1+ 31. Rxg1 Qxg1+ 32. Kd2 Bxh4 33. Nxe5 Nxe5 34. Bxe5 Qg5+ 35. Bf4 Qg4 36. Qe3 Bf6 37. Qe6+ Kd8 38. Qxf6+ Kd7 39. Qf7+ Kd8 40. Qc7+ Ke8 41. Qc8+ Kf7 42. Qxh8 Qxf4+ 43. Ke2 Qg4+ 44. Kd2 Qf4+ 45. Ke2 Qg4+ 46. Kf1 Qd1+ 47. Kg2 Qg4+ 48. Kf1 Qd1+ 49. Kg2 Qg4+ 50. Kf1 1/2-1/2


[Site "https://www.chess.com"]